 Dungeon Crawl Stone Soup version 0.18.1-5-g4a78601 (webtiles) character file.

651 dorian the Insei (level 7, 0/46 HPs)
             Began as a Mottled Draconian Transmuter on May 9, 2016.
             Slain by a centaur (4 damage)
             ... on level 5 of the Dungeon.
             The game lasted 00:12:58 (5811 turns).

dorian the Insei (Mottled Draconian Transmuter)     Turns: 5811, Time: 00:12:59

Health: 0/46       AC:  6    Str: 14    XL:     7   Next: 28%
Magic:  10/10      EV: 12    Int: 13    God:
Gold:   221        SH:  0    Dex: 14    Spells: 3 memorised, 3 levels left

rFire  . . .     SeeInvis .       - Unarmed
rCold  + . .     Gourm    +     (armour unavailable)
rNeg   . . .     Faith    .     (no shield)
rPois  .         Spirit   .     (helmet restricted)
rElec  .         Dismiss  .     (no cloak)
rCorr  .         Reflect  .     (no gloves)
SustAt +         Harm     .     (no boots)
MR     +....     Clarity  +     g - amulet of the gourmand
Stlth  +.........               m - ring of sustain attributes
                                q - ring of protection from cold

@: short of breath, somewhat resistant to hostile enchantments, very unstealthy
A: breathe sticky flame splash, unfitting armour, clarity, frail 1, magic
resistance 1, strong 1, cold-blooded, AC +6
a: Breathe Sticky Flame


You were on level 5 of the Dungeon.
You were completely stuffed.

You visited 1 branch of the dungeon, and saw 5 of its levels.

You collected 221 gold pieces.

Inventory:

Hand Weapons
 n - a +1 dagger of speed
Missiles
 a - 88 arrows
Armour
 j - a +0 buckler
Jewellery
 g - an amulet of the gourmand (around neck)
 m - a ring of sustain attributes (right hand)
 q - a ring of protection from cold (left hand)
Scrolls
 d - 8 scrolls of teleportation
 e - 2 scrolls of immolation
 i - a scroll of amnesia
 p - a scroll of fear
 r - 3 scrolls of identify
Potions
 s - 2 potions of flight
Books
 b - a book of Changes

   Spells                             Type                      Level
   a - Beastly Appendage              Transmutation                1
   b - Sticks to Snakes               Transmutation                2
   c - Spider Form                    Transmutation/Poison         3
   d - Ice Form                       Ice/Transmutation            4
   e - Blade Hands                    Transmutation                5
 k - Kikubaaqudgha's Handbook of Black Rituals
   (You found it on level 2 of the Dungeon)

   Spells                             Type                      Level
   a - Pain                           Necromancy                   1
 l - a book of Party Tricks

   Spells                             Type                      Level
   a - Summon Butterflies             Summoning                    1
   b - Apportation                    Translocation                1
   c - Tukima's Dance                 Hexes                        3
   d - Alistair's Intoxication        Transmutation/Poison         5
   e - Invisibility                   Hexes                        6
 u - a book of Power

   Spells                             Type                      Level
   a - Fulminant Prism                Conjuration/Hexes            4
   b - Iskenderun's Mystic Blast      Conjuration                  4
   c - Venom Bolt                     Conjuration/Poison           5
   d - Bolt of Magma                  Conjuration/Fire/Earth       5
   e - Iron Shot                      Conjuration/Earth            6
   f - Orb of Destruction             Conjuration                  7
   g - Spellforged Servitor           Conjuration/Summoning        7
Comestibles
 c - 6 bread rations
 f - 4 beef jerkies
 h - a meat ration
 o - a slice of pizza


   Skills:
 - Level 1.1 Fighting
 - Level 1.7 Dodging
 * Level 7.1 Unarmed Combat
 - Level 2.0 Spellcasting
 + Level 5.0 Transmutations


You had 3 spell levels left.
You knew the following spells:

 Your Spells              Type           Power        Failure   Level  Hunger
a - Beastly Appendage     Trmt           ##....       3%          1    ##.....
b - Sticks to Snakes      Trmt           ##......     6%          2    ###....
c - Ice Form              Ice/Trmt       #.......     85%         4    #####..


Dungeon Overview and Level Annotations

Branches:
Dungeon (5/15)
 Temple: D:4-7

Altars:
Ashenzari
Cheibriados
Kikubaaqudgha
Makhleb
Nemelex Xobeh
Okawaru
Sif Muna
Trog
Vehumet
Yredelemnul

Annotations:
D:3 Graouh's ghost, amateur MiFi


Innate Abilities, Weirdness & Mutations

You can spit globs of burning liquid.
You can ignite nearby creatures when you spit burning liquid.
Your weird mottled scales are hard (AC +6).
Your body does not fit into most forms of armour.
You are cold-blooded and may be slowed by cold attacks.
You possess an exceptional clarity of mind.
You are frail (-10% HP).
You are resistant to hostile enchantments.
Your muscles are strong. (Str +2)


Message History

The centaur shoots an arrow.
The arrow hits you!
* * * LOW HITPOINT WARNING * * *
You see here an arrow.
Drink which item? (? for menu, Esc to quit)
Okay, then.
Read which item? (? for menu, Esc to quit)
Okay, then.
You hit the centaur.
The centaur is lightly wounded.
The centaur unwields an uncursed shortbow.
The centaur hits you.
* * * LOW HITPOINT WARNING * * *
Press: ? - help, Shift-Dir - straight line, f - centaur
Aim: a centaur (lightly wounded)
You spit a glob of burning liquid.
The splash of liquid fire hits the centaur.
The centaur is moderately wounded.
The centaur is covered in liquid flames!
You feel somewhat less full.
The centaur burns!
The centaur hits you.
You die...

#.................. ...
#................. ..#
#................
..###................
...........†........
#...................
#...................
#.c.##.............
#.@.###............
##<(..##............
###..(..###...........
###....(..####..........
.!.....(...#............
........(................
............#...##.......
###........#...####......
##...........# ##......


You could see a centaur (burning).

Vanquished Creatures
  A phantom (D:5)
  A scorpion (D:5)
  2 hounds (D:4)
  2 orc wizards (D:4)
  2 centaur skeletons (D:4)
  2 orc priests (D:4)
  2 worker ants
  4 adders
  5 gnolls (D:4)
  An ooze (D:1)
  6 worms
  6 dart slugs
  4 giant geckos
  8 orcs
  A ball python (D:4)
  8 bats
  3 giant cockroaches
  8 goblins
  8 hobgoblins
  5 kobolds
  A quokka (D:4)
  9 giant newts
  2 quokka skeletons (D:4)
  21 rats
112 creatures vanquished.

Vanquished Creatures (collateral kills)
  4 gnolls (D:4)
  2 orcs (D:4)
6 creatures vanquished.

Grand Total: 118 creatures vanquished

Notes
Turn   | Place    | Note
--------------------------------------------------------------
     0 | D:1      | dorian the Draconian Transmuter began the quest for the Orb.
     0 | D:1      | Reached XP level 1. HP: 16/16 MP: 3/3
    47 | D:1      | Reached XP level 2. HP: 23/23 MP: 5/5
   543 | D:1      | Reached XP level 3. HP: 19/28 MP: 6/6
   739 | D:2      | Learned a level 2 spell: Sticks to Snakes
   781 | D:2      | Found an ancient bone altar of Kikubaaqudgha.
   781 | D:2      | Found a deep blue altar of Sif Muna.
   783 | D:2      | Found a radiant altar of Vehumet.
   786 | D:2      | Identified Kikubaaqudgha's Handbook of Black Rituals
   904 | D:2      | Reached skill level 4 in Unarmed Combat
  1086 | D:2      | Found a basalt altar of Yredelemnul.
  1086 | D:2      | Found a sparkling altar of Nemelex Xobeh.
  1663 | D:3      | Reached XP level 4. HP: 31/35 MP: 5/7
  1682 | D:3      | Noticed Graouh's ghost (amateur MiFi)
  2064 | D:3      | Found a snail-covered altar of Cheibriados.
  2165 | D:3      | Noticed a moth of wrath
  2690 | D:4      | Reached XP level 5. HP: 39/40 MP: 8/8
  2706 | D:4      | Reached skill level 5 in Unarmed Combat
  2963 | D:4      | Found a shattered altar of Ashenzari.
  3503 | D:4      | Reached XP level 6. HP: 27/47 MP: 7/9
  3727 | D:4      | Found an iron altar of Okawaru.
  4019 | D:2      | Gained mutation: Your muscles are strong. (Str +2) [potion of beneficial mutation]
  4023 | D:2      | Gained mutation: You are frail (-10% HP). [potion of mutation]
  4023 | D:2      | Gained mutation: You possess an exceptional clarity of mind. [potion of mutation]
  4023 | D:2      | Gained mutation: You are resistant to hostile enchantments. [potion of mutation]
  4097 | D:3      | Found a bloodstained altar of Trog.
  4113 | D:3      | Reached skill level 6 in Unarmed Combat
  4649 | D:2      | Learned a level 4 spell: Ice Form
  5218 | D:4      | Found a burning altar of Makhleb.
  5306 | D:5      | Entered Level 5 of the Dungeon
  5531 | D:5      | Your scales start taking on a weird mottled colour.
  5531 | D:5      | Reached XP level 7. HP: 19/46 MP: 7/10
  5784 | D:5      | Reached skill level 7 in Unarmed Combat
  5784 | D:5      | Reached skill level 5 in Transmutations
  5811 | D:5      | Slain by a centaur

Skill      XL: |  1  2  3  4  5  6  7 |
---------------+----------------------+-----
Unarmed Combat | 4 5 6 7 |  7.1
Transmutations | 3 4 5 |  5.0
Fighting       | |  1.1
Dodging        | |  1.7
Spellcasting   | |  2.0

Action                   |  1- 3 |  4- 6 |  7- 9 || total
-------------------------+-------+-------+-------++-------
Melee: Unarmed           |   156 |   260 |    12 ||   428
       Tailslap          |    13 |    29 |     2 ||    44
       Dagger            |     8 |       |       ||     8
       Kick              |     3 |    18 |       ||    21
       Headbutt          |     1 |    10 |       ||    11
       Punch             |     1 |     4 |       ||     5
 Cast: Beastly Appendage |     3 |    19 |       ||    22
       Sticks to Snakes  |     1 |    15 |       ||    16
 Abil: Breathe Sticky Fl |       |       |     3 ||     3
  Use: Scroll            |       |     6 |       ||     6
       Potion            |       |     6 |       ||     6
 Stab: Sleeping          |     4 |       |       ||     4
       Distracted        |       |     1 |       ||     1
  Eat: Chunk             |    11 |    17 |     1 ||    29
Armor: Skin              |    47 |    56 |     4 ||   107
Dodge: Dodged            |    98 |   147 |     6 ||   251
